 Dungeon Crawl Stone Soup version 0.28-a0-1555-g9ae15a6949 (webtiles) character file.

Game seed: 12956754664270712016

28 psuckher the Sneak (level 3, -13/30 HPs)
             Began as a Barachi Delver on Jan 18, 2022.
             Mangled by an orc warrior (15 damage)
             ... on level 5 of the Dungeon.
             The game lasted 00:00:16 (23 turns).

psuckher the Sneak (Barachi Delver)                   Turns: 23, Time: 00:00:17

Health: -13/30     AC:  3    Str: 15    XL:     3   Next: 12%
Magic:  3/3        EV: 12    Int: 10    God:
Gold:   0          SH:  0    Dex: 13    Spells: 2/2 levels left

rFire   . . .      SeeInvis .   a - +0 short sword
rCold   . . .      Faith    .   (no shield)
rNeg    . . .      Spirit   .   b - +0 leather armour
rPois   .          Reflect  .   (no helmet)
rElec   .          Harm     .   (no cloak)
rCorr   .          Rampage  .   (no gloves)
Will    .....                   (no boots)
Stlth   +++.......              (no amulet)
HPRegen 0.10/turn               (no ring)
MPRegen 0.08/turn               (no ring)

@: slow
A: amphibious, slowness 1, strong legs 1, +LOS
a: Hop


You were on level 5 of the Dungeon.
You visited 1 branch of the dungeon, and saw 1 of its levels.

Inventory:

Hand Weapons
 a - a +0 short sword (weapon)
Armour
 b - a +0 leather armour (worn)
Wands
 g - a wand of digging (3)
Scrolls
 c - a scroll of fog
 d - a scroll of magic mapping
Potions
 f - a potion of haste


   Skills:
 + Level 3.9 Fighting
 + Level 2.3 Short Blades
 + Level 0.2 Armour
 + Level 2.2 Dodging
 + Level 5.1 Stealth


You had 2 spell levels left.
You didn't know any spells.
Your spell library was empty.

Dungeon Overview and Level Annotations

Branches:
Dungeon (5/15)
 Temple: D:4-7

Altars:


Innate Abilities, Weirdness & Mutations

You are amphibious.
You cover ground slowly.
You can hop short distances.
You have an extended range of vision and can be seen from far away.


Message History

The centaur hits you.
The centaur kicks you but does no damage.
The hound misses you. The orc hits you but does no damage.
You hit the hound.
You kill the hound!
The centaur closely misses you.
The centaur kicks you but does no damage.
The centaur barely misses you. The centaur kicks you.
The orc closely misses you.
Your Stealth skill increases to level 5!
You have reached level 2!
You have reached level 3!
Your experience leads to an increase in your attributes!
Increase (S)trength, (I)ntelligence, or (D)exterity?
You feel stronger. x2
There are monsters nearby!
As you read the scroll of fear, it crumbles to dust.
You assume a fearsome visage.
The orc looks frightened!
The scorpion looks frightened!
The centaur looks frightened!
The sky beast looks frightened!
The centaur starts to cry.
You hit the orc warrior.
The orc warrior is lightly wounded.
The orc warrior hits you with a +0 long sword.
You closely miss the orc warrior.
The orc warrior is lightly wounded.
The orc warrior hits you with a +0 long sword!
* * * LOW HITPOINT WARNING * * *
You hit the orc warrior but do no damage.
The orc warrior is lightly wounded.
The orc warrior closely misses you.
You hit the orc warrior.
The orc warrior is lightly wounded.
The centaur wields a +0 shortbow.
The centaur shoots an arrow.
The arrow barely misses you. The orc warrior barely misses you.
You closely miss the orc warrior.
The orc warrior is lightly wounded.
The orc warrior hits you with a +0 long sword!
Ouch! That really hurt!
You die...

.#.# ...# ####..#
#### .....# ##...
#...# ####...#
#...# #....#
#.##..###....#
#....>.....#.##
#......###@....#
#.##.#.#..o###...#
...#.#.#.# #Y# ###
#.....# ).
#...#..†..s...#
<.......##.##....
#...###. .o# #
#c#. .. Y.. .. ##.
.#.#


You could see an orc warrior and a centaur.

Vanquished Creatures
  A hound (D:5)
1 creature vanquished.

Notes
Turn   | Place    | Note
-------+----------+-------------------------------------------
     0 | D:5      | psuckher the Barachi Delver began the quest for the Orb.
     0 | D:5      | Reached XP level 1. HP: 18/18 MP: 1/1
     1 | D:5      | Noticed a sky beast
     3 | D:5      | Noticed a hound
     6 | D:5      | Noticed a scorpion
     6 | D:5      | Noticed an orc warrior
     9 | D:5      | Noticed a centaur
    14 | D:5      | Killed a hound
    15 | D:5      | Reached skill level 5 in Stealth
    15 | D:5      | Reached XP level 2. HP: 15/25 MP: 2/2
    15 | D:5      | Reached XP level 3. HP: 18/30 MP: 3/3
    20 | D:5      | HP: 1/30 [orc warrior (14)]
    23 | D:5      | Mangled by an orc warrior

Illustrated notes

Levels and vault maps discovered:
D:5:      layout_basic, fedhas_ov_isle_minmay,
          minmay_temple_entry_gardened_gates, gup_sewer_entry_spiral,
          minmay_fractal_squares_5

Skill      XL: |  1 |
---------------+----+-----
Stealth        | 5 |  5.1
Fighting       | |  3.9
Short Blades   | |  2.3
Armour         | |  0.2
Dodging        | |  2.2

Action                   || total
-------------------------++-------
Melee: Short sword       ||    12
  Use: Scroll            ||     1
Armor: Leather armour    ||     6
Dodge: Dodged            ||    20

Table legend: (Time is in decaauts)
 A = Elapsed time spent in this place.
 B = Non-inter-level travel time spent in this place.
 C = Inter-level travel time spent in this place.
 D = Time resting spent in this place.
 E = Time spent auto-exploring this place.
 F = Levels seen in this place.
 G = Mean time per level.
                   A        B        C        D        E       F      G
               +--------+--------+--------+--------+--------+-----+--------+
         Total |     25 |     25 |      0 |      0 |      0 |   1 |   25.0 |
       Dungeon |     25 |     25 |      0 |      0 |      0 |   1 |   25.0 |
               +--------+--------+--------+--------+--------+-----+--------+

Top non-repeatable levels by time:
     D:5: 25 daAuts
